2809 views
Uploaded 2020-02-28 02:13:42
Game version 1.32.2
7:01 long 4on4 ladder game on (8)Deadlock_LV
Saved by Teelo
2809 views
Uploaded 2020-02-28 02:13:42
Game version 1.32.2
7:01 long 4on4 ladder game on (8)Deadlock_LV

80 units @ 8.3k
/ 0.4k
37 buildings @ 6.5k
/ 2.3k

| Peon | 9 | 675 | / | 0 |
| Grunt | 6 | 1200 | / | 0 |
| Troll Headhunter | 2 | 280 | / | 40 |
| total: | 17 | 2155g | / | 40w |
| Altar of Storms | 1 | 180 | / | 50 |
| Barracks | 2 | 360 | / | 100 |
| Orc Burrow | 5 | 800 | / | 200 |
| War Mill | 1 | 205 | / | 0 |
| total: | 9 | 1545g | / | 350w |
| 0:17 | Altar of Storms |
| 0:24 | Barracks |
| 0:26 | Peon |
| 0:26 | Peon |
| 0:26 | Peon |
| 0:43 | Peon |
| 1:22 | Orc Burrow |
| 1:28 | Orc Burrow |
| 2:21 | Grunt |
| 2:34 | Orc Burrow |
| 2:38 | War Mill |
| 2:49 | Pillage |
| 3:23 | Grunt |
| 3:23 | Grunt |
| 3:23 | Grunt |
| 3:36 | Hex |
| 3:52 | Orc Burrow |
| 3:54 | Steel Melee Weapons |
| 4:24 | Grunt |
| 4:25 | Grunt |
| 4:53 | Barracks |
| 5:24 | Steel Armor |
| 5:28 | Peon |
| 5:28 | Peon |
| 5:28 | Peon |
| 5:29 | Peon |
| 5:29 | Peon |
| 5:41 | Troll Headhunter |
| 6:02 | Orc Burrow |
| 6:44 | Troll Headhunter |
| 6:48 | Steel Ranged Weapons |
| Select group | 641 |
| Right click | 156 |
| Assign group | 154 |
| Select | 56 |
| Build/train/purchase | 23 |
| Use ability | 3 |
| Misc. action | 1 |


| Healing Salve | 1 | 100 |
| total: | 1 | 100g |
| Peon | 13 | 975 | / | 0 |
| Troll Headhunter | 6 | 840 | / | 120 |
| total: | 19 | 1815g | / | 120w |
| Altar of Storms | 1 | 180 | / | 50 |
| Orc Burrow | 4 | 640 | / | 160 |
| Barracks | 1 | 180 | / | 50 |
| War Mill | 1 | 205 | / | 0 |
| Voodoo Lounge | 1 | 130 | / | 30 |
| Spirit Lodge | 1 | 150 | / | 150 |
| Stronghold | 1 | 315 | / | 190 |
| total: | 9 | 1485g | / | 440w |
| 0:02 | Peon |
| 0:02 | Peon |
| 0:20 | Altar of Storms |
| 0:23 | Peon |
| 0:30 | Orc Burrow |
| 0:34 | Peon |
| 0:46 | Peon |
| 1:03 | Peon |
| 1:17 | Peon |
| 1:24 | Barracks |
| 1:39 | War Mill |
| 1:43 | Peon |
| 1:51 | Orc Burrow |
| 2:28 | Voodoo Lounge |
| 2:30 | Wind Walk |
| 2:56 | Troll Headhunter |
| 3:21 | Stronghold |
| 3:23 | Troll Headhunter |
| 3:38 | Orc Burrow |
| 3:46 | Troll Headhunter |
| 4:16 | Troll Headhunter |
| 4:19 | Steel Ranged Weapons |
| 4:33 | Troll Headhunter |
| 4:45 | Orc Burrow |
| 4:58 | Troll Headhunter |
| 5:07 | Steel Armor |
| 5:17 | Critical Strike |
| 5:49 | Spirit Lodge |
| 5:55 | Healing Salve |
| 6:21 | Peon |
| 6:48 | Peon |
| 6:48 | Peon |
| 6:49 | Peon |
| 6:50 | Peon |
| 6:57 | Critical Strike |
| 6:59 | Healing Wave |
| Right click | 95 |
| Select group | 67 |
| Select | 64 |
| Build/train/purchase | 29 |
| Assign group | 11 |
| Use ability | 3 |

| Wisp | 14 | 840 | / | 0 |
| Archer | 5 | 650 | / | 50 |
| Huntress | 4 | 780 | / | 80 |
| total: | 23 | 2270g | / | 130w |
| Ancient Protector | 1 | 135 | / | 80 |
| Moon Well | 4 | 720 | / | 160 |
| Altar of Elders | 1 | 180 | / | 50 |
| Hunter's Hall | 1 | 210 | / | 100 |
| Ancient of War | 1 | 150 | / | 60 |
| Tree of Life | 1 | 340 | / | 185 |
| Ancient of Lore | 1 | 155 | / | 145 |
| Ancient of Wind | 1 | 150 | / | 140 |
| Tree of Ages | 1 | 320 | / | 180 |
| total: | 11 | 2040g | / | 920w |
| 0:05 | Wisp |
| 0:05 | Wisp |
| 0:05 | Wisp |
| 0:23 | Moon Well |
| 0:46 | Wisp |
| 1:00 | Wisp |
| 1:01 | Wisp |
| 1:03 | Wisp |
| 1:16 | Altar of Elders |
| 1:24 | Wisp |
| 1:25 | Wisp |
| 1:37 | Hunter's Hall |
| 1:44 | Ancient of War |
| 1:51 | Wisp |
| 2:04 | Moon Well |
| 2:08 | Wisp |
| 2:51 | Ancient Protector |
| 2:55 | Archer |
| 2:58 | Huntress |
| 2:59 | Huntress |
| 3:05 | Wisp |
| 3:14 | Moon Well |
| 3:37 | Trueshot Aura |
| 3:55 | Tree of Ages |
| 4:05 | Archer |
| 4:08 | Archer |
| 4:22 | Archer |
| 4:53 | Huntress |
| 4:54 | Archer |
| 5:15 | Searing Arrows |
| 5:45 | Huntress |
| 5:58 | Tree of Life |
| 6:08 | Moon Well |
| 6:39 | Ancient of Lore |
| 6:48 | Ancient of Wind |
| 6:53 | Wisp |
| 6:53 | Wisp |
| Right click | 188 |
| Select | 82 |
| Build/train/purchase | 33 |
| Select group | 16 |
| Assign group | 8 |
| Remove unit | 1 |

| Wisp | 12 | 720 | / | 0 |
| Archer | 7 | 910 | / | 70 |
| Huntress | 2 | 390 | / | 40 |
| total: | 21 | 2020g | / | 110w |
| Altar of Elders | 1 | 180 | / | 50 |
| Ancient of War | 1 | 150 | / | 60 |
| Moon Well | 3 | 540 | / | 120 |
| Hunter's Hall | 1 | 210 | / | 100 |
| Ancient of Lore | 2 | 310 | / | 290 |
| Tree of Ages | 1 | 320 | / | 180 |
| total: | 8 | 1390g | / | 620w |
| 0:03 | Wisp |
| 0:03 | Wisp |
| 0:03 | Wisp |
| 0:08 | Altar of Elders |
| 0:15 | Ancient of War |
| 0:30 | Moon Well |
| 0:41 | Wisp |
| 0:52 | Wisp |
| 1:03 | Wisp |
| 1:21 | Archer |
| 1:36 | Wisp |
| 1:36 | Wisp |
| 1:42 | Archer |
| 1:55 | Moon Well |
| 2:26 | Mana Burn |
| 2:46 | Archer |
| 2:52 | Wisp |
| 2:52 | Wisp |
| 3:18 | Archer |
| 3:23 | Tree of Ages |
| 4:42 | Archer |
| 4:42 | Archer |
| 4:46 | Hunter's Hall |
| 5:01 | Moon Well |
| 5:19 | Archer |
| 5:56 | Ancient of Lore |
| 6:16 | Evasion |
| 6:32 | Huntress |
| 6:32 | Huntress |
| 6:36 | Strength of the Wild |
| 6:40 | Ancient of Lore |
| 6:43 | Wisp |
| 6:43 | Wisp |
| Right click | 279 |
| Select | 92 |
| Select group | 52 |
| Build/train/purchase | 27 |
| Assign group | 13 |
| Use ability | 7 |
| Misc. action | 1 |
55 units @ 6.5k
/ 0.5k
37 buildings @ 6.3k
/ 2.1k

| Acolyte | 2 | 150 | / | 0 |
| Ghoul | 3 | 360 | / | 0 |
| Crypt Fiend | 7 | 1505 | / | 280 |
| total: | 12 | 2015g | / | 280w |
| Spirit Tower | 1 | 145 | / | 40 |
| Nerubian Tower | 1 | 100 | / | 20 |
| Altar of Darkness | 2 | 360 | / | 100 |
| Ziggurat | 3 | 450 | / | 150 |
| Graveyard | 1 | 215 | / | 0 |
| Crypt | 1 | 200 | / | 50 |
| Halls of the Dead | 1 | 320 | / | 210 |
| total: | 7 | 1225g | / | 300w |
| 0:10 | Acolyte |
| 0:11 | Acolyte |
| 0:30 | Altar of Darkness |
| 0:33 | Ziggurat |
| 0:39 | Graveyard |
| 1:02 | Altar of Darkness |
| 1:18 | Ziggurat |
| 2:21 | Crypt |
| 2:36 | Frost Nova |
| 3:23 | Ghoul |
| 3:23 | Ghoul |
| 3:24 | Ghoul |
| 3:28 | Spirit Tower |
| 3:30 | Nerubian Tower |
| 3:33 | Creature Attack |
| 3:36 | Creature Carapace |
| 4:48 | Crypt Fiend |
| 4:52 | Halls of the Dead |
| 5:00 | Frost Armor |
| 5:12 | Crypt Fiend |
| 5:13 | Crypt Fiend |
| 5:18 | Crypt Fiend |
| 6:37 | Crypt Fiend |
| 6:37 | Crypt Fiend |
| 6:38 | Crypt Fiend |
| 6:59 | Ziggurat |
| Right click | 77 |
| Chat | 64 |
| Select | 45 |
| Build/train/purchase | 20 |
| Use ability | 6 |

| Healing Salve | 1 | 100 |
| total: | 1 | 100g |
| Peon | 7 | 525 | / | 0 |
| Grunt | 3 | 600 | / | 0 |
| Troll Headhunter | 3 | 420 | / | 60 |
| total: | 13 | 1545g | / | 60w |
| Altar of Storms | 1 | 180 | / | 50 |
| Orc Burrow | 3 | 480 | / | 120 |
| Barracks | 1 | 180 | / | 50 |
| Voodoo Lounge | 1 | 130 | / | 30 |
| War Mill | 1 | 205 | / | 0 |
| Great Hall | 1 | 385 | / | 185 |
| Stronghold | 1 | 315 | / | 190 |
| total: | 8 | 1560g | / | 435w |
| 0:02 | Peon |
| 0:02 | Peon |
| 0:06 | Altar of Storms |
| 0:12 | Orc Burrow |
| 0:28 | Barracks |
| 0:39 | Peon |
| 0:48 | Peon |
| 1:01 | Peon |
| 1:22 | Peon |
| 1:31 | Grunt |
| 1:42 | Orc Burrow |
| 1:49 | Peon |
| 2:09 | Voodoo Lounge |
| 2:34 | Grunt |
| 2:44 | War Mill |
| 3:04 | Grunt |
| 3:46 | Stronghold |
| 3:58 | War Stomp |
| 4:14 | Endurance Aura |
| 4:24 | Troll Headhunter |
| 4:26 | Steel Armor |
| 4:30 | Orc Burrow |
| 5:07 | Troll Headhunter |
| 5:27 | Great Hall |
| 5:45 | Steel Ranged Weapons |
| 5:55 | Healing Salve |
| 6:05 | Troll Headhunter |
| 6:54 | Troll Regeneration |
| Right click | 239 |
| Select | 100 |
| Select group | 43 |
| Build/train/purchase | 25 |
| Assign group | 7 |
| Chat | 5 |
| Use ability | 2 |
| Item give/drop | 1 |

| Rod of Necromancy | 1 | 150 |
| total: | 1 | 150g |
| Acolyte | 3 | 225 | / | 0 |
| Ghoul | 7 | 840 | / | 0 |
| Crypt Fiend | 4 | 860 | / | 160 |
| total: | 14 | 1925g | / | 160w |
| Graveyard | 1 | 215 | / | 0 |
| Crypt | 1 | 200 | / | 50 |
| Altar of Darkness | 1 | 180 | / | 50 |
| Ziggurat | 6 | 900 | / | 300 |
| Tomb of Relics | 1 | 130 | / | 30 |
| Slaughterhouse | 2 | 280 | / | 270 |
| Halls of the Dead | 3 | 960 | / | 630 |
| Black Citadel | 2 | 650 | / | 460 |
| total: | 12 | 1905g | / | 700w |
| 0:02 | Acolyte |
| 0:07 | Graveyard |
| 0:09 | Crypt |
| 0:17 | Acolyte |
| 0:17 | Acolyte |
| 0:39 | Altar of Darkness |
| 0:54 | Ziggurat |
| 1:10 | Ghoul |
| 1:10 | Ghoul |
| 1:24 | Tomb of Relics |
| 1:46 | Crypt Fiend |
| 1:58 | Ziggurat |
| 2:24 | Ghoul |
| 2:26 | Crypt Fiend |
| 2:45 | Rod of Necromancy |
| 2:51 | Death Coil |
| 2:57 | Crypt Fiend |
| 3:28 | Halls of the Dead |
| 3:50 | Crypt Fiend |
| 4:12 | Ziggurat |
| 4:28 | Ziggurat |
| 4:42 | Unholy Aura |
| 4:44 | Ghoul |
| 4:44 | Ghoul |
| 4:45 | Ghoul |
| 5:50 | Black Citadel |
| 6:06 | Ghoul |
| 6:49 | Death Coil |
| 6:54 | Slaughterhouse |
| 6:56 | Slaughterhouse |
| 6:58 | Ziggurat |
| 6:58 | Ziggurat |
| Right click | 788 |
| Select group | 690 |
| Select | 77 |
| Chat | 63 |
| Build/train/purchase | 38 |
| Misc. action | 29 |
| Assign group | 28 |
| Use ability | 4 |
| Minimap ping | 3 |
| Item give/drop | 1 |
| Remove unit | 1 |

| Lesser Clarity Potion | 1 | 70 |
| Staff of Teleportation | 1 | 150 |
| total: | 2 | 220g |
| Wisp | 15 | 900 | / | 0 |
| Archer | 1 | 130 | / | 10 |
| total: | 16 | 1030g | / | 10w |
| Altar of Elders | 1 | 180 | / | 50 |
| Moon Well | 4 | 720 | / | 160 |
| Ancient of War | 1 | 150 | / | 60 |
| Ancient of Wonders | 1 | 90 | / | 30 |
| Hunter's Hall | 1 | 210 | / | 100 |
| Ancient of Lore | 2 | 310 | / | 290 |
| Tree of Ages | 1 | 320 | / | 180 |
| Tree of Eternity | 1 | 330 | / | 200 |
| total: | 10 | 1660g | / | 690w |
| 0:02 | Wisp |
| 0:02 | Wisp |
| 0:02 | Wisp |
| 0:20 | Altar of Elders |
| 0:24 | Wisp |
| 0:32 | Moon Well |
| 0:36 | Wisp |
| 0:46 | Ancient of War |
| 0:53 | Wisp |
| 1:28 | Wisp |
| 1:28 | Wisp |
| 1:30 | Wisp |
| 1:36 | Moon Well |
| 1:48 | Archer |
| 1:55 | Ancient of Wonders |
| 2:01 | Wisp |
| 2:01 | Wisp |
| 2:25 | Entangling Roots |
| 2:36 | Wisp |
| 2:51 | Tree of Ages |
| 3:05 | Hunter's Hall |
| 3:35 | Moon Well |
| 3:38 | Moon Well |
| 3:57 | Staff of Teleportation |
| 4:10 | Strength of the Wild |
| 4:10 | Reinforced Hides |
| 4:15 | Thorns Aura |
| 4:31 | Lesser Clarity Potion |
| 5:19 | Ancient of Lore |
| 5:20 | Ancient of Lore |
| 5:21 | Wisp |
| 5:21 | Wisp |
| 5:21 | Wisp |
| 6:05 | Tree of Eternity |
| 6:55 | Druid of the Claw Adept Training |
| Right click | 189 |
| Select group | 136 |
| Select | 53 |
| Chat | 41 |
| Build/train/purchase | 28 |
| Misc. action | 14 |
| Assign group | 13 |
| Use ability | 11 |
| Item give/drop | 1 |
| Remove unit | 1 |
⇛